 Dungeon Crawl Stone Soup version 0.19.0-22-gd96e5fe (webtiles) character file.

32 Rrauwl the Digger (level 3, -1/27 HPs)
             Began as a Formicid Earth Elementalist on Nov 18, 2016.
             Was an Initiate of Nemelex Xobeh.
             Succumbed to Terence's poison
             ... on level 2 of the Dungeon.
             The game lasted 00:10:51 (977 turns).

Rrauwl the Digger (Formicid Earth Elementalist)      Turns: 977, Time: 00:10:52

Health: -1/27      AC:  4    Str: 10 (12) XL:     3   Next: 42%
Magic:  1/6        EV: 12    Int: 13 (14) God:    Nemelex Xobeh [......]
Gold:   88         SH:  0    Dex: 11 (12) Spells: 1 memorised, 5 levels left

rFire  . . .     SeeInvis +     f - +0 short sword (curse)
rCold  . . .     Gourm    .     g - +0 leather armour (curse)
rNeg   . . .     Faith    .     (no shield)
rPois  .         Spirit   .     (helmet unavailable)
rElec  .         Reflect  .     (no cloak)
rCorr  .         Harm     .     h - +0 pair of gloves (curse)
MR     .....                    (no boots)
Stlth  ++........               (no amulet)
                                (no ring)
                                (no ring)

@: lethally poisoned (-1 -> -34), very slightly contaminated
A: permanent stasis, dig shafts and tunnels, four strong arms, antennae 3
a: Dig, Shaft Self, Renounce Religion


You were on level 2 of the Dungeon.
You worshipped Nemelex Xobeh.
Nemelex Xobeh was noncommittal.
You were not hungry.

You visited 1 branch of the dungeon, and saw 2 of its levels.

You collected 88 gold pieces.

Inventory:

Hand Weapons
 f - a cursed +0 short sword (weapon)
 m - a cursed -1 falchion
Missiles
 b - 89 stones (quivered)
Armour
 c - a +0 robe
 g - a cursed +0 leather armour (worn)
 h - a cursed +0 pair of gloves (worn)
Jewellery
 j - a +2 amulet of reflection
Potions
 i - a potion of curing
Books
 e - a book of Geomancy

   Spells                             Type                      Level
   a - Sandblast                      Earth                        1
   b - Passwall                       Transmutation/Earth          2
   c - Stone Arrow                    Conjuration/Earth            3
   d - Petrify                        Transmutation/Earth          4
   e - Lee's Rapid Deconstruction     Earth                        5
Comestibles
 d - 3 bread rations
 k - a slice of pizza
 l - a beef jerky


   Skills:
 + Level 1.9 Fighting
 + Level 2.6 Dodging
 - Level 2.4 Stealth
 - Level 2.1 Spellcasting
   Level 1.1 Transmutations
 - Level 3.6 Earth Magic


You had 5 spell levels left.
You knew the following spells:

 Your Spells              Type           Power        Failure   Level  Hunger
a - Sandblast             Erth           ##....       10%         1    ##.....


Dungeon Overview and Level Annotations

Branches:
Dungeon (2/15)

Altars:
Cheibriados
Nemelex Xobeh

Annotations:
D:2 Sigmund, Terence


Innate Abilities, Weirdness & Mutations

You are under a permanent stasis effect.
You can dig through walls and to a lower floor.
Your four strong arms can wield two-handed weapons with a shield.
You have a pair of large antennae on your head. (SInv)


Message History

You are more poisoned.
As you read the scroll labeled JAPILU CUHACA, it crumbles to dust.
It is a scroll of identify.
j - a +2 amulet of reflection
* * * LOW HITPOINT WARNING * * *
You feel sick. Terence misses you.
You completely miss Terence.
* * * LOW HITPOINT WARNING * * *
You feel very sick. Terence closely misses you.
Terence hits you but does no damage.
You are more poisoned.
You hit Terence.
Terence is lightly wounded.
* * * LOW HITPOINT WARNING * * *
You feel very sick. Terence misses you.
You hit Terence.
Terence is moderately wounded.
You die...
Your body disappears without a glow.

###.###...##_≈≈.≈≈...#
###.......#####≈≈≈≈≈...#
#####.[.#########...≈≈≈....#####
....).### ##................
####### ######...............##
......................#
..#####g#####.........# #@#
#......<..# #@# #.........#
#.#####.#####.........#
#.....#.#............##
#######.#####.......## #.#
#.####### #.# #.# #.#####.#
#.÷.....# #########


You could see Terence and a goblin.

Vanquished Creatures
  An ooze (D:2)
  A worm (D:2)
  A dart slug (D:2)
  A bat (D:2)
  A giant cockroach (D:2)
  4 goblins
  4 hobgoblins (D:1)
  3 kobolds (D:1)
  2 frilled lizards
  3 rats
21 creatures vanquished.

Notes
Turn   | Place    | Note
-------+----------+-------------------------------------------
     0 | D:1      | Rrauwl the Formicid Earth Elementalist began the quest for the Orb.
     0 | D:1      | Reached XP level 1. HP: 13/13 MP: 3/3
   263 | D:1      | Reached XP level 2. HP: 2/20 MP: 1/5
   313 | D:1      | Reached skill level 1 in Fighting
   736 | D:2      | Reached XP level 3. HP: 20/26 MP: 1/6
   796 | D:2      | Found a snail-covered altar of Cheibriados.
   847 | D:2      | Found a sparkling altar of Nemelex Xobeh.
   858 | D:2      | Became a worshipper of Nemelex Xobeh the Trickster
   859 | D:2      | Noticed Sigmund
   931 | D:2      | Noticed Terence
   977 | D:2      | Succumbed to Terence's poison

Skill      XL: |  1  2 |
---------------+-------+-----
Dodging        | 2 |  2.6
Fighting       | 1 |  1.9
Stealth        | |  2.4
Spellcasting   | |  2.1
Transmutations | |  1.1
Earth Magic    | |  3.6

Action                   || total
-------------------------++-------
Melee: Short sword       ||    50
       Unarmed           ||     1
 Cast: Sandblast         ||    28
  Use: Potion            ||     3
       Scroll            ||     3
 Stab: Sleeping          ||     3
  Eat: Chunk             ||     1
Armor: Robe              ||     2
       Leather armour    ||    10
Dodge: Dodged            ||    35
